 Dungeon Crawl Stone Soup version 0.30-a0-918-g0ff054e9dc (webtiles) character file.

Game seed: 12401087723460172821

3466 tkbsonic5 the Trooper (level 9, 0/67 HPs)
             Began as a Minotaur Summoner on Mar 20, 2023.
             Was a Believer of Hepliaklqana.
             Slain by a wyvern (5 damage)
             ... while petrified by a basilisk
             ... on level 8 of the Dungeon.
             The game lasted 00:26:07 (7714 turns).

tkbsonic5 the Trooper (Minotaur Summoner)           Turns: 7714, Time: 00:26:08

Health: 0/67       AC:  7    Str: 18    XL:     9   Next: 78%
Magic:  17/22      EV:  2    Int: 16    God:    Hepliaklqana [**....]
Gold:   358        SH:  0    Dex: 11    Spells: 0/15 levels left

rFire   x . .      SeeInvis .    c - +8 glaive "Xeokugof" {flame, rC+ Str+5 Stlth+}
rCold   + + .      Faith    .    (shield currently unavailable)
rNeg    + + +      Spirit   .    w - +0 ring mail
rPois   ∞          Reflect  .    g - +2 hat
rElec   .          Rampage  .    (no cloak)
rCorr   .                        (no gloves)
Will    .....                    (no boots)
Stlth   ++                       x - amulet of regeneration
HPRegen 1.11/turn                y - ring of magical power
MPRegen 0.18/turn                n - ring of ice

@: mighty, petrified
A: reduced essence, horns 2, retaliatory headbutt
a: Renounce Religion, Recall Ancestor, Ancestor Identity


You were on level 8 of the Dungeon.
You worshipped Hepliaklqana.
Hepliaklqana was pleased with you.
You visited 1 branch of the dungeon, and saw 8 of its levels.

You collected 358 gold pieces.

Inventory:

Hand Weapons
 b - a +0 scythe
 c - the +8 glaive "Xeokugof" (weapon) {flame, rC+ Str+5 Stlth+}
   (You acquired it on level 7 of the Dungeon)

   Str:       It affects your strength (+5).
   rC:        It protects you from cold.
   Stlth:     It makes you more stealthy.
 h - a +1 quarterstaff
 i - a +0 short sword of holy wrath
 p - a +0 hand axe of flaming
 q - a +4 dagger of venom
 C - a +3 spear of freezing
Missiles
 r - 2 poisoned darts
Armour
 a - a +0 robe
 d - a +1 leather armour
 g - a +2 hat (worn)
 w - a +0 ring mail (worn)
Jewellery
 e - a ring of flight
 n - a ring of ice (right hand)
 x - an amulet of regeneration (around neck)
 y - a ring of magical power (left hand)
Wands
 f - a wand of charming (9)
 u - a wand of roots (11)
Scrolls
 m - a scroll of noise {unknown}
 s - a scroll of fog
 t - 2 scrolls of magic mapping
 B - a scroll of identify
Potions
 j - a potion of resistance
 k - 2 potions of brilliance
 o - a potion of haste
 z - a potion of lignification
 A - a potion of magic


   Skills:
 * Level 6.0 Fighting
 - Level 0.6 Short Blades
 - Level 0.6(3.0) Axes
 * Level 4.7(4.8) Polearms
 - Level 1.0(3.1) Staves
 * Level 4.0 Armour
 * Level 4.7 Dodging
 - Level 1.5 Stealth
 - Level 2.6 Unarmed Combat
 + Level 3.9 Spellcasting
 + Level 1.5 Hexes
 + Level 5.0 Summonings
 + Level 3.6 Ice Magic
 + Level 1.3 Air Magic
 + Level 2.9 Invocations
 - Level 1.8 Evocations


You couldn't memorise any spells.
You knew the following spells:

 Your Spells              Type           Power      Damage    Failure   Level
a - Summon Small Mammal   Summ           76%        N/A       3%          1
b - Call Imp              Summ           19%        N/A       5%          2
c - Freeze                Ice            88%        1d9       6%          1
d - Call Canine Familiar  Summ           19%        N/A       11%         3
e - Summon Guardian Gole  Hex/Summ       13%        N/A       22%         3
f - Silence               Hex/Air        3%         N/A       99%         5

Your spell library contained the following spells:

 Spells                   Type           Power      Damage    Failure   Level
 Frozen Ramparts          Ice            44%        1d7       19%         3
 Hailstorm                Conj/Ice       13%        3d5       38%         3
 Summon Lightning Spire   Summ/Air       13%        N/A       61%         4
 Olgreb's Toxic Radiance  Pois           3%         N/A       96%         4
 Passage of Golubria      Tloc           3%         N/A       96%         4
 Petrify                  Tmut/Erth      3%         N/A       96%         4
 Yara's Violent Unravell  Hex/Tmut       2%         3d3       99%         5
 Alistair's Intoxication  Tmut/Pois      2%         N/A       100%        5
 Irradiate                Conj/Tmut      1%         3d12      100%        5
 Ozocubu's Refrigeration  Ice            11%        4d9       100%        7
 Ignition                 Fire           1%         3d3       100%        8
 Lehudib's Crystal Spear  Conj/Erth      1%         10d2      100%        8


Dungeon Overview and Level Annotations

Branches:
Dungeon (8/15)             Temple (0/1) D:4
   Lair: D:8-11

Altars:
Hepliaklqana
Makhleb
Qazlal
Ru
Wu Jian
Yredelemnul

Shops:
D:6 :


Innate Abilities, Weirdness & Mutations

Your life essence is reduced to manifest your ancestor. (-10% HP)
You have a pair of horns on your head.
You reflexively headbutt those who attack you in melee.


Message History

You are no longer poisoned.
Your white imp misses the basilisk.
The gnoll hits you from afar with a +0 spear.
Your white imp hits the basilisk.
Your white imp freezes the basilisk.
The basilisk bites you.
* * * LOW HITPOINT WARNING * * *
The wyvern bites your white imp!
The gnoll hits your white imp with a +0 spear.
Your white imp hits the basilisk.
Your white imp freezes the basilisk.
The basilisk seems to slow down.
You feel very mighty all of a sudden.
The gnoll hits your white imp with a +0 spear!
Your white imp dies!
Your white imp disappears in a puff of smoke!
You slash the basilisk! You burn the basilisk.
The basilisk is severely wounded.
The basilisk gazes at you.
You are slowing down.
The gnoll hits you from afar with a +0 spear.
* * * LOW HITPOINT WARNING * * *
Unknown command.
Okay, then.
You slice the basilisk!! You burn the basilisk!
You kill the basilisk!
The wyvern bites you!
* * * LOW HITPOINT WARNING * * *
The gnoll hits you from afar with a +0 spear.
* * * LOW HITPOINT WARNING * * *
The wyvern bites you but does no damage.
The gnoll completely misses you.
The wyvern bites you but does no damage.
You have turned to stone.
Your Fighting skill increases to level 6!
Your Armour skill increases to level 4!
The gnoll barely misses you.
The wyvern bites you but does no damage.
The gnoll is no longer moving quickly.
The wyvern bites you!
* * * LOW HITPOINT WARNING * * *
The gnoll hits you but does no damage. The wyvern bites you!
You die...

.#. #.
#...
....##
#### #.
#... gF#.
.#.#
...##...
l†.###...
8......
#..#..#
#... #)).#
#... #gg.#
#...
#.#l#.###
#...
#.#@#†#.#
#...
#...#...#
#.##
##..#..###
#...
##....#5#
#...
##..##.##
#.#.
#...#)#.#
#...
#.##)##.#
#.#.
#..#.###.#
#.## ###.#
#.# #...


You could see a wyvern and 2 gnolls.

Vanquished Creatures
  A centaur warrior (D:8)
  A basilisk (D:8)
  3 water moccasins
  An ice beast (D:6)
  2 ogres
  A centaur (D:7)
  2 bullfrogs (D:8)
  A wight (D:8)
  A gnoll bouda (D:8)
  4 hounds
  An iguana (D:5)
  A sleepcap (D:5)
  2 gnolls
  3 adders
  A river rat (D:4)
  An ufetubus (D:6)
  A worm (D:4)
  4 dart slugs
  11 orcs
  6 ball pythons
  5 endoplasms
  A giant cockroach (D:2)
  3 goblins
  5 hobgoblins
  5 quokkas
  2 bats
  3 frilled lizards
  6 kobolds
  6 rats
84 creatures vanquished.

Vanquished Creatures (collateral kills)
  Sigmund (D:2)
  A basilisk (D:8)
  2 water moccasins
  An ice beast (D:6)
  An ogre (D:4)
  3 bullfrogs
  2 scorpions
  3 wights (D:8)
  3 orc priests
  2 hounds
  2 gnoll boudas
  A sleepcap (D:5)
  13 gnolls
  3 adders (D:5)
  A dart slug (D:4)
  13 orcs
  2 endoplasms
  3 goblins
  2 kobolds (D:1)
  2 ball pythons (D:4)
  A bat (D:2)
  A frilled lizard (D:1)
63 creatures vanquished.

Vanquished Creatures (others)
  2 battlemagi (D:8)
  An ancestor (D:5)
  4 fungi
  21 plants
28 creatures vanquished.

Grand Total: 175 creatures vanquished

Notes
Turn   | Place    | Note
-------+----------+-------------------------------------------
     0 | D:1      | tkbsonic5 the Minotaur Summoner began the quest for the
                  | Orb.
     0 | D:1      | Reached XP level 1. HP: 14/14 MP: 1/1
   104 | D:1      | Reached XP level 2. HP: 5/22 MP: 1/3
   178 | D:1      | Learned a level 2 spell: Call Imp
   387 | D:1      | Reached skill level 1 in Unarmed Combat
   921 | D:1      | Reached XP level 3. HP: 27/27 MP: 0/4
   968 | D:1      | Reached skill level 1 in Fighting
  1214 | D:1      | Found a faded altar of an unknown god.
  1523 | D:2      | Learned a level 1 spell: Freeze
  1600 | D:2      | Noticed Sigmund
  1614 | D:2      | Killed Sigmund
  1615 | D:2      | Reached skill level 2 in Fighting
  1615 | D:2      | Reached skill level 1 in Ice Magic
  1615 | D:2      | Reached XP level 4. HP: 34/37 MP: 4/6
  1615 | D:2      | Reached XP level 5. HP: 39/42 MP: 4/7
  1699 | D:2      | Learned a level 3 spell: Call Canine Familiar
  2900 | D:3      | Found a sacrificial altar of Ru.
  2900 | D:3      | Found a hazy altar of Hepliaklqana.
  2908 | D:3      | Found a faded altar of an unknown god.
  2910 | D:3      | Found a basalt altar of Yredelemnul.
  2911 | D:3      | Found a faded altar of an unknown god.
  2921 | D:3      | Became a worshipper of Hepliaklqana the Forgotten
  2973 | D:3      | Reached XP level 6. HP: 50/50 MP: 1/8
  3079 | D:3      | Got the Directory of Modification
  3710 | D:4      | Found a staircase to the Ecumenical Temple.
  3843 | D:4      | Reached skill level 1 in Staves
  4067 | D:4      | Reached skill level 1 in Armour
  4233 | D:4      | Reached * piety under Hepliaklqana
  4235 | D:4      | Reached skill level 3 in Fighting
  4612 | D:5      | Entered Level 5 of the Dungeon
  4681 | D:5      | Reached XP level 7. HP: 51/51 MP: 0/9
  5044 | D:5      | Reached skill level 1 in Invocations
  5242 | D:5      | Reached skill level 1 in Polearms
  5319 | D:5      | Reached skill level 4 in Fighting
  5319 | D:5      | Reached skill level 1 in Evocations
  5353 | D:5      | Reached XP level 8. HP: 59/59 MP: 5/11
  5470 | D:5      | Found a stormy altar of Qazlal.
  5737 | D:5      | You are sucked into a shaft and drop 1 floor!
  5770 | D:6      | Found an ornate altar of the Wu Jian Council.
  5779 | D:6      | Found a burning altar of Makhleb.
  6004 | D:6      | Reached ** piety under Hepliaklqana
  6006 | D:6      | Remembered your ancestor Trisce as a battlemage
  6213 | D:6      | Found Quicoura's Book Emporium.
  6427 | D:6      | Learned a level 3 spell: Summon Guardian Golem
  6798 | D:7      | Reached skill level 5 in Fighting
  7121 | D:7      | Identified a scroll of acquirement
  7125 | D:7      | Acquired the +8 glaive "Xeokugof" {flame, rC+ Str+5 Stlth+}
  7255 | D:7      | Reached XP level 9. HP: 58/66 MP: 13/13
  7339 | D:7      | Learned a level 5 spell: Silence
  7542 | D:8      | Reached skill level 1 in Hexes
  7607 | D:8      | Noticed a centaur warrior
  7625 | D:8      | Killed a centaur warrior
  7626 | D:8      | Reached skill level 1 in Air Magic
  7701 | D:8      | Reached skill level 5 in Summonings
  7713 | D:8      | Reached skill level 6 in Fighting
  7714 | D:8      | Slain by a wyvern

Illustrated notes

Levels and vault maps discovered:
D:1:      dpeg_arrival_arbitrary_a, layout_loops_corners,
          shapermc_ecumenical_altar_mp_ritualfount, serial_bayou_pond_c
D:2:      layout_loops_ring, minmay_unequal, uniq_sigmund
D:3:      layout_basic, chequers_temple_overflow_minitemple, saegor_snake_ambush
D:4:      layout_cave_pools, minmay_temple_entry_statues_pillars,
          gup_sewer_entry_bowl
D:5:      layout_loops_ring, nicolae_overflow_crystal_walls
D:6:      layout_basic, mainiacjoe_overflow_concentric_impassable,
          lemuel_round_altar, serial_shops, nicolae_square_shop,
          minmay_crossroads
D:7:      layout_rooms
D:8:      wad_crossroads, layout_rooms, minmay_lair_entry_grove

Skill      XL: |  1  2  3  4  5  6  7  8  9 |
---------------+----------------------------+-----
Summonings     | 3 4 5 |  5.0
Unarmed Combat | 1 2 |  2.6
Fighting       | 2 3 4 5 6 |  6.0
Spellcasting   | 2 3 |  3.9
Ice Magic      | 1 2 3 |  3.6
Staves         | 1 |  1.0
Armour         | 1 2 3 4 |  4.0
Invocations    | 1 2 |  2.9
Polearms       | 1 3 4 |  4.7
Dodging        | 3 4 |  4.7
Evocations     | 1 |  1.8
Hexes          | 1 |  1.5
Air Magic      | 1 |  1.3
Short Blades   | |  0.6
Axes           | |  0.6
Stealth        | |  1.5

Action                     |  1- 3 |  4- 6 |  7- 9 || total
---------------------------+-------+-------+-------++-------
  Melee: Unarmed           |    61 |     1 |       ||    62
         Headbutt          |     7 |     6 |     7 ||    20
         Quarterstaff      |       |    47 |       ||    47
         Dagger            |       |    18 |     4 ||    22
         Hand axe          |       |     1 |       ||     1
         Halberd           |       |       |    73 ||    73
         Glaive            |       |       |    27 ||    27
   Cast: Summon Small Mamm |    13 |    16 |    17 ||    46
         Call Imp          |    18 |    18 |    19 ||    55
         Freeze            |     3 |    14 |       ||    17
         Call Canine Famil |       |    19 |    24 ||    43
 Invoke: Ancestor Identity |       |       |     2 ||     2
         Recall Ancestor   |       |       |     1 ||     1
         Ancestor Life: Ba |       |       |     1 ||     1
  Evoke: Wand              |       |       |     1 ||     1
    Use: Scroll            |     5 |     9 |     7 ||    21
         Potion            |     2 |     1 |     6 ||     9
   Stab: Sleeping          |     1 |     2 |     1 ||     4
         Distracted        |       |     2 |     2 ||     4
 Armour: Robe              |    10 |    15 |     4 ||    29
         Leather armour    |       |       |    26 ||    26
         Ring mail         |       |       |     4 ||     4
  Dodge: Dodged            |    40 |    49 |    70 ||   159

Table legend: (Time is in decaauts)
 A = Elapsed time spent in this place.
 B = Non-inter-level travel time spent in this place.
 C = Inter-level travel time spent in this place.
 D = Time resting spent in this place.
 E = Time spent auto-exploring this place.
 F = Levels seen in this place.
 G = Mean time per level.
                   A        B        C        D        E       F      G
               +--------+--------+--------+--------+--------+-----+--------+
         Total |   7757 |   7492 |    265 |    132 |   6276 |   8 |  969.6 |
       Dungeon |   7757 |   7492 |    265 |    132 |   6276 |   8 |  969.6 |
               +--------+--------+--------+--------+--------+-----+--------+

Top non-repeatable levels by time:
     D:1: 1502 daAuts
     D:3: 1163 daAuts
     D:5: 1142 daAuts
     D:6: 1119 daAuts
     D:4: 1083 daAuts
     D:2: 877 daAuts
     D:7: 694 daAuts
     D:8: 175 daAuts
